 Dungeon Crawl Stone Soup version 0.24-a0-429-g4608c8fa30 (webtiles) character file.

Game seed: 10926919806898486856

94 theanonym the Magician (level 4, -5/27 HPs)
             Began as an Octopode Wizard on June 13, 2019.
             Slain by an ogre
             ... wielding a +0 giant club
              (32 damage)
             ... on level 3 of the Dungeon.
             The game lasted 00:06:01 (2731 turns).

theanonym the Magician (Octopode Wizard)            Turns: 2731, Time: 00:06:02

Health: -5/27      AC:  1    Str: 11    XL:     4   Next: 63%
Magic:  0/10       EV: 13    Int: 21    God:
Gold:   103        SH:  0    Dex: 10    Spells: 4/11 levels left

rFire    . . .     SeeInvis .   a - +0 dagger
rCold    . . .     Gourm    .   (no shield)
rNeg     . . .     Faith    .   m - +0 hat
rPois    .         Spirit   .   (no amulet)
rElec    .         Reflect  .   f - +5 ring of strength
rCorr    .         Harm     .   (no ring)
MR       .....                  (no ring)
Stlth    +++.......             (no ring)
HPRegen  0.09/turn              (no ring)
MPRegen  0.12/turn              (no ring)
                                (no ring)
                                (no ring)

@: very slightly contaminated
A: almost no armour, stealthy swim, amphibious, 8 rings, constrict 8, camouflage
1, gelatinous body 1
a: no special abilities


Innate Abilities, Weirdness & Mutations

You cannot wear most types of armour.
You are very stealthy in the water. (Stealth+)
You are amphibious.
You can wear up to eight rings at the same time.
You can use your tentacles to constrict eight enemies at once.
Your skin changes colour to match your surroundings (Stealth+).
Your rubbery body absorbs attacks. (AC +1, EV +1)


   Skills:
 - Level 2.0 Dodging
 - Level 2.6 Stealth
 + Level 4.0 Spellcasting
 + Level 2.8 Conjurations
   Level 1.0 Summonings
   Level 1.0 Translocations
 + Level 0.7 Air Magic
 + Level 0.8 Poison Magic


You had 4 spell levels left.
You knew the following spells:

 Your Spells              Type           Power        Failure   Level  Hunger
a - Magic Dart            Conj           ###.         3%          1    None
b - Conjure Flame         Conj/Fire      ##......     21%         3    ###....
d - Mephitic Cloud        Conj/Pois/Air  ##......     21%         3    ###....

Your spell library contained the following spells:

 Spells                   Type           Power        Failure   Level  Hunger
 Blink                    Tloc           N/A          12%         2    #......
 Call Imp                 Summ           #.......     12%         2    #......
 Slow                     Hex            #.......     19%         2    #......

Skill      XL: |  1  2  3  4 |
---------------+-------------+-----
Conjurations   | 2 |  2.8
Spellcasting   | 4 |  4.0
Dodging        | |  2.0
Stealth        | |  2.6
Summonings     | |  1.0
Translocations | |  1.0
Air Magic      | |  0.7
Poison Magic   | |  0.8

Action                   |  1- 3 |  4- 6 || total
-------------------------+-------+-------++-------
Melee: Unarmed           |    18 |     8 ||    26
       Constrict         |     4 |     2 ||     6
       Tentacles         |     3 |     2 ||     5
       Staff             |     5 |       ||     5
       Dagger            |       |     3 ||     3
 Cast: Magic Dart        |    87 |    52 ||   139
       Mephitic Cloud    |       |     1 ||     1
  Use: Scroll            |       |     3 ||     3
       Potion            |       |     1 ||     1
 Stab: Confused          |       |     1 ||     1
  Eat: Chunk             |     3 |     2 ||     5
Armor: Skin              |     4 |       ||     4
Dodge: Dodged            |    21 |    12 ||    33

Inventory:

Hand Weapons
 a - a +0 dagger (weapon)
Armour
 m - a +0 hat (worn)
Magical Staves
 b - an uncursed staff of energy
Jewellery
 f - a +5 ring of strength (left tentacle)
Scrolls
 d - a scroll of immolation {unknown}
 i - 3 scrolls of remove curse {unknown}
 j - 2 scrolls of enchant weapon {unknown}
 k - a scroll of fog {unknown}
 l - a scroll of fear {unknown}
 o - 2 scrolls of teleportation {unknown}
Potions
 g - a potion of berserk rage
 h - a potion of invisibility
 n - a potion of agility {unknown}
 p - a potion of resistance {unknown}
 w - a potion of curing
Comestibles
 c - 6 chunks of flesh
 e - 2 rations


You were on level 3 of the Dungeon.
You were not hungry.

You visited 1 branch of the dungeon, and saw 3 of its levels.

You collected 103 gold pieces.

Dungeon Overview and Level Annotations

Branches:
Dungeon (3/15)

Altars:

.........#.##.# #.#
####.#####.##.# #.#
#.# #.##รท#
#.#########. ## #.#
#.##.# #.#.........
.# #.. ..##.#
#.#.######## .# ###
####.####.#.# .#
#........# .#
###########.###
.#######.......O@..#
..#......###########
#...###### ..### .##
. #


You could see an ogre.

Notes
Turn   | Place    | Note
-------+----------+-------------------------------------------
     0 | D:1      | theanonym the Octopode Wizard began the quest for the Orb.
     0 | D:1      | Reached XP level 1. HP: 11/11 MP: 4/4
   264 | D:1      | Reached XP level 2. HP: 17/17 MP: 0/6
   721 | D:1      | Reached skill level 2 in Conjurations
  1059 | D:2      | Reached XP level 3. HP: 21/21 MP: 0/7
  2074 | D:3      | Learned a level 3 spell: Conjure Flame
  2078 | D:3      | Learned a level 3 spell: Mephitic Cloud
  2110 | D:3      | Reached XP level 4. HP: 21/27 MP: 3/9
  2128 | D:3      | HP: 13/27 [poisoned by a kobold]
  2133 | D:3      | HP: 11/27 [poisoned by a kobold]
  2139 | D:3      | HP: 10/27 [poisoned by a kobold]
  2146 | D:3      | HP: 8/27 [poisoned by a kobold]
  2469 | D:3      | Noticed Robin
  2518 | D:3      | Killed Robin
  2644 | D:3      | Reached skill level 4 in Spellcasting
  2703 | D:3      | Noticed an ogre
  2731 | D:3      | Slain by an ogre

Vanquished Creatures
  Robin (D:3)
  An adder (D:2)
  3 dart slugs
  9 bats
  4 giant cockroaches
  10 hobgoblins
  4 jackals (D:2)
  5 frilled lizards
  14 goblins
  8 kobolds
  3 rats (D:1)
62 creatures vanquished.

Table legend:
 A = Turns spent in this place as a percentage of turns spent in the entire game.
 B = Non-inter-level travel turns spent in this place as a percentage of non-inter-level travel turns spent in the entire game.
 C = Inter-level travel turns spent in this place as a percentage of turns spent in this place.
 D = Turns resting spent in this place as a percentage of non-inter-level travel turns spent in this place.
 E = Turns spent auto-exploring this place as a percentage of non-inter-level travel turns spent in this place.
 F = Non-inter-level travel turns spent in this place divided by the number of levels of this place that you've seen.
                   A       B       C       D       E      F
               +-------+-------+-------+-------+-------+----------------------
         Total | 100.0 | 100.0 |   1.4 |  36.7 |  51.0 | 898.0
       Dungeon | 100.0 | 100.0 |   1.4 |  36.7 |  51.0 | 898.0
               +-------+-------+-------+-------+-------+----------------------
